 Dungeon Crawl Stone Soup version 0.28.0-53-g5a82cb258f (webtiles) character file.

Game seed: 7053058046971008867

29435 Revguard the Missionary (level 13, 0/113 HPs)
             Began as a Hill Orc Fighter on July 8, 2022.
             Was a Priest of Beogh.
             Slain by a +8 long sword (9 damage)
             ... on level 14 of the Dungeon.
             The game lasted 00:45:27 (17845 turns).

Revguard the Missionary (Hill Orc Fighter)         Turns: 17845, Time: 00:45:28

Health: 0/113      AC: 27    Str: 20      XL:     13   Next: 45%
Magic:  6/23       EV: 10    Int: 13 (14) God:    Beogh [***...]
Gold:   415        SH: 16    Dex: 16      Spells: 12/12 levels left

rFire   . . .      SeeInvis .   f - +0 scimitar (protect)
rCold   + + +      Faith    .   U - +0 tower shield
rNeg    . . .      Spirit   .   v - +0 plate armour
rPois   +          Reflect  .   e - +2 hat
rElec   .          Harm     .   i - +0 cloak
rCorr   .          Rampage  .   j - +0 pair of gloves
Will    .....                   S - +0 pair of boots
Stlth   ..........              (no amulet)
HPRegen 0.28/turn               w - +4 ring of evasion
MPRegen 0.18/turn               F - ring of Oraotil {rC+++ Int+6}

@: under a protective aura
A: agile 1, poison resistance
a: Renounce Religion, Smiting


You were on level 14 of the Dungeon.
You worshipped Beogh.
Beogh was most pleased with you.
You visited 1 branch of the dungeon, and saw 14 of its levels.

You collected 775 gold pieces.
You spent 360 gold pieces at shops.

Inventory:

Hand Weapons
 f - a +0 scimitar of protection (weapon)
 y - a +0 battleaxe of freezing
 C - a +1 war axe of flaming
 E - a +3 dire flail
 J - a +2 hand axe of flaming
 K - a +2 halberd of pain
 Z - a +1 vorpal arbalest
Missiles
 d - 2 throwing nets (quivered)
Armour
 c - a +0 buckler
 e - a +2 hat (worn)
 h - a +0 chain mail
 i - a +0 cloak (worn)
 j - a +0 pair of gloves (worn)
 o - a +0 buckler
 v - a +0 plate armour (worn)
 A - +0 acid dragon scales
 D - a +0 plate armour
 S - a +0 pair of boots (worn)
 U - a +0 tower shield (worn)
 X - a +4 troll leather armour
 Y - a +0 troll leather armour
Jewellery
 b - a ring of poison resistance
 w - a +4 ring of evasion (left hand)
 B - a +6 ring of dexterity
 F - the ring of Oraotil (right hand) {rC+++ Int+6}
   (You found it on level 10 of the Dungeon)

   [ring of intelligence]

   Int:       It affects your intelligence (+6).
   rC:        It renders you almost immune to cold.
 I - a ring of fire
 L - a ring of flight
Wands
 q - a wand of flame (19)
 H - a wand of mindburst (3)
 M - a wand of polymorph (2)
Scrolls
 a - 3 scrolls of identify
 m - a scroll of magic mapping {unknown}
 n - 5 scrolls of fog
 x - 3 scrolls of teleportation
 G - a scroll of silence
 N - a scroll of noise
 Q - a scroll of summoning
 T - 2 scrolls of fear
 V - a scroll of amnesia
Potions
 g - 4 potions of haste
 k - 2 potions of brilliance
 l - 2 potions of resistance
 r - 8 potions of curing
 s - a potion of cancellation
 t - a potion of lignification
 u - 2 potions of flight
 z - a potion of magic
 O - 3 potions of mutation
 P - a potion of attraction
 R - a potion of heal wounds
Miscellaneous
 W - a tin of tremorstones (inert)


   Skills:
 + Level 10.0 Fighting
 + Level 10.7 Long Blades
 - Level 3.2 Axes
 + Level 9.2 Armour
 + Level 6.3 Dodging
 + Level 9.3 Shields
 * Level 14.0 Invocations
 + Level 7.6 Evocations


You had 12 spell levels left.
You didn't know any spells.
Your spell library contained the following spells:

 Spells                   Type           Power      Damage    Failure   Level
 Beastly Appendage        Tmut           0%         N/A       100%        1
 Foxfire                  Conj/Fire      0%         2x1d4     100%        1
 Summon Small Mammal      Summ           0%         N/A       100%        1
 Corpse Rot               Necr/Air       0%         N/A       100%        2
 Wereblood                Tmut           0%         N/A       100%        2
 Call Canine Familiar     Summ           0%         N/A       100%        3
 Conjure Flame            Conj/Fire      0%         6-21      100%        3
 Dazzling Flash           Conj/Hex       0%         N/A       100%        3
 Frozen Ramparts          Ice            0%         1d2       100%        3
 Inner Flame              Hex/Fire       0%         N/A       100%        3
 Spider Form              Tmut/Pois      0%         N/A       100%        3
 Summon Guardian Golem    Hex/Summ       0%         N/A       100%        3
 Dispel Undead            Necr           0%         3d6       100%        4
 Flame Wave               Conj/Fire      0%         2d4       100%        4
 Ice Form                 Ice/Tmut       0%         N/A       100%        4
 Iskenderun's Mystic Bla  Conj/Tloc      0%         2d3       100%        4
 Summon Ice Beast         Ice/Summ       0%         N/A       100%        4
 Death Channel            Necr           0%         N/A       100%        6
 Starburst                Conj/Fire      0%         6d3       100%        6


Dungeon Overview and Level Annotations

Branches:
Dungeon (14/15)            Temple (0/1) D:5            Lair (0/6) D:10
    Orc (0/2) D:10
 Vaults: D:13-14

Altars:
Ashenzari
Cheibriados
Elyvilon
Kikubaaqudgha
Makhleb
Trog
Uskayaw
Wu Jian
Xom
Zin

Shops:
D:3 [:!(   D:13 *

Annotations:
D:10 2 runed translucent doors


Innate Abilities, Weirdness & Mutations

You are agile. (Dex +2)
Your system is resistant to poisons. (rPois)


Message History

You feel your intelligence returning.
You feel much better. The +8 long sword closely misses you.
The +8 long sword hits you!
* * * LOW HITPOINT WARNING * * *
You feel much better. You block the +8 long sword's attack.
The +8 long sword hits you.
You miss the +8 long sword. The +8 long sword hits you.
You hit the +8 long sword but do no damage.
Your weapon exudes an aura of protection.
You block the +8 long sword's attack. x2
You miss the +8 long sword. You block the +8 long sword's attack.
The +8 long sword hits you but does no damage.
You hit the +8 long sword.
The +8 long sword is lightly damaged.
You block the +8 long sword's attack. x2
You miss the +8 long sword.
The +8 long sword is lightly damaged.
You block the +8 long sword's attack. The +8 long sword hits you.
You hit the +8 long sword.
The +8 long sword is moderately damaged.
Your orc knight no longer looks unusually strong.
You block the +8 long sword's attack.
The +8 long sword hits you but does no damage.
You hit the +8 long sword but do no damage.
The +8 long sword is moderately damaged.
The +8 long sword hits you!
* * * LOW HITPOINT WARNING * * *
You block the +8 long sword's attack.
You hit the +8 long sword.
The +8 long sword is moderately damaged.
You block the +8 long sword's attack.
You hit the +8 long sword.
The +8 long sword is moderately damaged.
The +8 long sword hits you!!
* * * LOW HITPOINT WARNING * * *
You block the +8 long sword's attack.
You completely miss the +8 long sword.
The +8 long sword is moderately damaged.
The +8 long sword hits you!
You die...

########## #........#
########.######.###
.........# #..o..#
........#####.#.#.#########
...###.)W(@o..........##...
....?..######.#.#.###.##.##
.....5 #.....# #.#o...
#.....# ###.### #.[o...
##.... #.# ####.## ......
#.# #.# ##.... #.### #)#
#<..# #.## ###.# #...


You could see a wraith, a +8 long sword (ally target) and a friendly orc knight.

Vanquished Creatures
  2 centaur warriors
  A dancing weapon (D:14)
  3 two-headed ogres (D:10)
  A tengu warrior (D:13)
  Sonja (D:11)
  4 skeletal warriors (D:12)
  5 ugly things
  3 cyclopes
  A manticore (D:13)
  2 unseen horrors (D:10)
  A yaktaur (D:13)
  2 trolls
  A hornet (D:7)
  A shadow (D:8)
  3 vampires
  16 yaks
  2 wyverns
  A wraith (D:10)
  A steam dragon (D:10)
  A basilisk (D:11)
  5 vampire mosquitoes (D:13)
  An acid dragon (D:12)
  A black bear (D:5)
  5 orc warriors
  A necrophage (D:7)
  An ice beast (D:7)
  3 sky beasts
  5 centaurs
  A kobold brigand (D:10)
  3 bullfrogs
  A gnoll sergeant (D:13)
  A scorpion (D:10)
  A wyvern skeleton (D:6)
  A water moccasin skeleton (D:5)
  3 howler monkeys (D:8)
  2 bullfrog zombies
  4 centaur zombies
  A lava snake (D:13)
  2 orc priests
  4 hounds
  3 iguanas
  8 orc wizards
  Natasha (twice) (D:4)
  11 gnolls
  7 adders
  6 river rats (D:6)
  3 shadow imps
  2 white imps
  An adder skeleton (D:4)
  2 worms (D:2)
  A dart slug (D:2)
  20 orcs
  2 endoplasms
  3 giant cockroaches
  8 goblins
  16 hobgoblins
  3 jackals (D:3)
  3 quokkas
  3 ball pythons
  7 bats
  3 frilled lizards
  9 kobolds
  17 rats
238 creatures vanquished.

Vanquished Creatures (collateral kills)
  Frances (D:14)
  Snorg (D:12)
  A boulder beetle (D:14)
  2 centaur warriors
  A catoblepas (D:13)
  2 two-headed ogres
  A tengu warrior (D:13)
  3 skeletal warriors (D:11)
  A deep elf archer (D:13)
  2 deep elf pyromancers
  5 ugly things
  4 cyclopes
  A centaur zombie (D:10)
  A yaktaur (shapeshifter) (D:13)
  3 trolls
  A wind drake (shapeshifter) (D:13)
  A centaur simulacrum (D:10)
  A wyvern (D:10)
  A wraith (D:12)
  11 yaks
  A basilisk (D:13)
  2 vampire mosquitoes (D:13)
  An orc warrior (D:10)
  2 black bears (D:10)
  2 centaurs
  4 orc wizards
  2 orcs
58 creatures vanquished.

Vanquished Creatures (others)
  2 orc knights
  2 orc priests
  4 orc wizards
  29 orcs
  An endoplasm (D:4)
  A goblin (D:4)
  A bush (D:14)
  11 fungi (D:10)
  20 plants
71 creatures vanquished.

Grand Total: 367 creatures vanquished

Notes
Turn   | Place    | Note
-------+----------+-------------------------------------------
     0 | D:1      | Revguard the Hill Orc Fighter began the quest for the Orb.
     0 | D:1      | Reached XP level 1. HP: 19/19 MP: 1/1
   288 | D:1      | Reached XP level 2. HP: 24/27 MP: 2/2
   406 | D:1      | Reached skill level 1 in Invocations
  1057 | D:2      | Reached XP level 3. HP: 33/33 MP: 4/4
  1245 | D:2      | Reached skill level 2 in Invocations
  1261 | D:2      | Found a faded altar of an unknown god.
  1443 | D:2      | Reached XP level 4. HP: 40/40 MP: 5/5
  1458 | D:2      | Reached skill level 1 in Dodging
  1569 | D:3      | Reached skill level 1 in Evocations
  1609 | D:3      | Found Betob's Antique Weapon Shop.
  1673 | D:3      | Found Caskumm's Antique Armour Boutique.
  1751 | D:3      | Found Tocezohi's Distillery.
  1941 | D:3      | Found a broken altar of Ashenzari.
  2042 | D:3      | Found Yhypnoag's Book Shop.
  2203 | D:3      | Found a burning altar of Makhleb.
  2343 | D:4      | Became a worshipper of Beogh the Brigand
  2512 | D:4      | Reached XP level 5. HP: 34/46 MP: 6/6
  2526 | D:4      | Reached skill level 1 in Long Blades
  2648 | D:4      | Found a snail-covered altar of Cheibriados.
  2648 | D:4      | Found a bloodstained altar of Trog.
  2718 | D:4      | Noticed Natasha
  2728 | D:4      | Killed Natasha
  2729 | D:4      | Reached skill level 3 in Invocations
  2987 | D:4      | Found a hide-covered altar of Uskayaw.
  2997 | D:4      | Noticed Natasha
  3008 | D:4      | Killed Natasha
  3228 | D:5      | Entered Level 5 of the Dungeon
  3262 | D:5      | Noticed a sky beast
  3286 | D:5      | Killed a sky beast
  3287 | D:5      | Reached XP level 6. HP: 28/53 MP: 8/8
  3515 | D:5      | Found a staircase to the Ecumenical Temple.
  3548 | D:5      | Found an ornate altar of the Wu Jian Council.
  3768 | D:5      | Reached skill level 4 in Invocations
  3768 | D:5      | Noticed a black bear
  3786 | D:5      | Killed a black bear
  3787 | D:5      | Reached XP level 7. HP: 38/60 MP: 10/10
  4494 | D:6      | Reached * piety under Beogh
  4631 | D:6      | Reached skill level 5 in Fighting
  4631 | D:6      | Reached skill level 5 in Invocations
  4793 | D:6      | Reached XP level 8. HP: 56/68 MP: 11/11
  5457 | D:6      | Reached ** piety under Beogh
  5645 | D:7      | Noticed a yak
  5646 | D:7      | Noticed a yak
  5646 | D:7      | Noticed a yak
  5647 | D:7      | Noticed a yak
  5659 | D:7      | Noticed a yak
  5671 | D:7      | Killed a yak
  5672 | D:7      | Reached skill level 5 in Armour
  5672 | D:7      | Reached skill level 5 in Shields
  5672 | D:7      | Reached skill level 6 in Invocations
  5683 | D:7      | Killed a yak
  5695 | D:7      | Killed a yak
  5696 | D:7      | Reached skill level 5 in Long Blades
  5717 | D:7      | Killed a yak
  5718 | D:7      | Reached XP level 9. HP: 39/75 MP: 12/14
  5732 | D:7      | Reached skill level 7 in Invocations
  6240 | D:7      | Noticed a hornet
  6255 | D:7      | Paralysed by a hornet for 1 turns
  6266 | D:7      | Killed a hornet
  7250 | D:8      | Reached skill level 8 in Invocations
  7547 | D:8      | Reached *** piety under Beogh
  8179 | D:8      | Reached XP level 10. HP: 25/84 MP: 16/16
  9239 | D:9      | Found a white marble altar of Elyvilon.
  9354 | D:9      | Found a shimmering altar of Xom.
  9357 | D:9      | Noticed an angel
  9367 | D:9      | Found a glowing silver altar of Zin.
  9483 | D:9      | Noticed a cyclops
  9497 | D:9      | Killed a cyclops
  9842 | D:10     | Entered Level 10 of the Dungeon
  9908 | D:10     | Reached skill level 9 in Invocations
  9938 | D:10     | Killed an unseen horror
 10198 | D:10     | Identified the ring of Oraotil {rC+++ Int+6}
 10250 | D:10     | Noticed a two-headed ogre
 10261 | D:10     | Killed a two-headed ogre
 10395 | D:10     | Found a staircase to the Orcish Mines.
 10437 | D:10     | Noticed a two-headed ogre
 10444 | D:10     | Reached skill level 5 in Evocations
 10448 | D:10     | Killed a two-headed ogre
 10449 | D:10     | Reached XP level 11. HP: 18/92 MP: 18/18
 10454 | D:10     | Reached skill level 10 in Invocations
 10774 | D:10     | Noticed a two-headed ogre
 10783 | D:10     | Killed a two-headed ogre
 11015 | D:10     | Found a staircase to the Lair.
 11099 | D:10     | Found a large runed translucent door.
 11099 | D:10     | Found a large runed translucent door.
 11103 | D:10     | Noticed a brown ugly thing
 11103 | D:10     | Noticed a purple ugly thing
 11136 | D:10     | Killed a purple ugly thing
 11136 | D:10     | Gained Wargrak as an ally
 11138 | D:10     | Killed a purple ugly thing
 11141 | D:10     | Found a large runed translucent door.
 11141 | D:10     | Found a large runed translucent door.
 11493 | D:10     | Noticed a cyclops
 11512 | D:10     | Killed a cyclops
 12228 | D:11     | Noticed Sonja
 12233 | D:11     | Killed Sonja
 12234 | D:11     | Reached skill level 11 in Invocations
 12234 | D:11     | Noticed a skeletal warrior
 12234 | D:11     | Noticed a skeletal warrior
 12242 | D:11     | Noticed a skeletal warrior
 12247 | D:11     | Killed a skeletal warrior
 12248 | D:11     | Killed a skeletal warrior
 12254 | D:11     | Killed a skeletal warrior
 12255 | D:11     | Reached skill level 5 in Dodging
 12328 | D:11     | Noticed a two-headed ogre
 12333 | D:11     | Killed a two-headed ogre
 13058 | D:11     | Noticed a deep elf pyromancer
 13070 | D:11     | Killed a deep elf pyromancer
 13247 | D:11     | Reached XP level 12. HP: 103/103 MP: 20/20
 13281 | D:11     | Reached **** piety under Beogh
 14266 | D:12     | Noticed Snorg
 14281 | D:12     | Killed Snorg
 14282 | D:12     | Reached skill level 12 in Invocations
 15048 | D:12     | Reached skill level 10 in Long Blades
 15394 | D:12     | Noticed a two-headed ogre
 15400 | D:12     | Killed a two-headed ogre
 15793 | D:13     | Noticed a tengu warrior
 15821 | D:13     | Killed a tengu warrior
 15996 | D:13     | Noticed a tengu warrior
 16175 | D:13     | Reached skill level 13 in Invocations
 16318 | D:13     | Noticed a catoblepas
 16334 | D:13     | Killed a catoblepas
 16338 | D:13     | Reached XP level 13. HP: 47/111 MP: 22/22
 17195 | D:13     | Found Huluggapeg's Changing Room.
 17203 | D:13     | Bought a potion of mutation for 120 gold pieces
 17203 | D:13     | Bought 2 potions of mutation for 240 gold pieces
 17203 | D:13     | Gained mutation: Your system is resistant to poisons.
                  | (rPois) [potion of mutation]
 17203 | D:13     | Gained mutation: You are agile. (Dex +2) [potion of
                  | mutation]
 17440 | D:14     | Found an ancient bone altar of Kikubaaqudgha.
 17801 | D:14     | Noticed Frances
 17828 | D:14     | HP: 3/113 [soul eater/drain life[Frances] (12)]
 17831 | D:14     | Killed Frances
 17832 | D:14     | Reached skill level 10 in Fighting
 17832 | D:14     | Reached skill level 14 in Invocations
 17832 | D:14     | Your ally Wargrak died
 17845 | D:14     | Slain by a +8 long sword

Illustrated notes

Levels and vault maps discovered:
D:1:      lightli_arrival_maybe_door_vault, layout_basic, minmay_misc_feat_room
D:2:      layout_rooms, dilly_ecumenical_altar_fadedgnrine
D:3:      layout_loops_ring, evilmike_ruin_ashenzari, lemuel_crystal_altar,
          serial_shops, shop, shop, nicolae_shop_hallway_stairs,
          nicolae_shop_temple_entry_statues_fountains, kennysheep_donut
D:4:      layout_loops_ring, nicolae_uskayaw_suspiria,
          gammafunk_temple_overflow_statue, uniq_natasha
D:5:      layout_basic, mainiacjoe_overflow_concentric_impassable,
          minmay_temple_entry_stoned_glass, nicolae_figureground_sparkle
D:6:      corexii_shack_village, layout_gridville, grunt_ministairs_1,
          dk_rats_in_the_wall
D:7:      layout_basic, kennysheep_generic_room_11
D:8:      layout_cave_pods
D:9:      layout_long_grid, grunt_temple_overflow_order_and_chaos_1,
          elyvilon_altar_3
D:10:     layout_basic, grunt_lair_entry_orc_guard_hut, hiddenorc2_lemuel,
          hangedman_glass_teeth, st_stairs_11, minmay_hollow_rounded_squares
D:11:     layout_basic, uniq_sonja
D:12:     layout_roguey, uniq_snorg
D:13:     wad_arrow_thing, layout_loops_cross, nicolae_transmutations_shop,
          minmay_misc_feat_hallway, kennysheep_dice
D:14:     layout_loops_ring, erik_vaults_1, minmay_hedge_maze,
          kiku_gazebo_pond_becter, uniq_frances

Skill      XL: |  1  2  3  4  5  6  7  8  9 10 11 12 13 |
---------------+----------------------------------------+-----
Invocations    | 1 2 3 4 5 6 8 9 11 13 14 | 14.0
Axes           | 3 |  3.2
Dodging        | 1 2 3 4 5 6 |  6.3
Evocations     | 1 2 3 4 5 6 7 |  7.6
Fighting       | 4 5 6 7 8 9 10 | 10.0
Long Blades    | 2 3 5 6 8 9 10 | 10.7
Armour         | 4 5 6 7 8 9 |  9.2
Shields        | 4 5 6 7 8 9 |  9.3

Action                   |  1- 3 |  4- 6 |  7- 9 | 10-12 | 13-15 || total
-------------------------+-------+-------+-------+-------+-------++-------
Melee: War axe           |    95 |    41 |       |       |       ||   136
       Short sword       |       |   118 |   498 |       |       ||   616
       Scimitar          |       |       |    20 |   517 |    86 ||   623
Throw: Throwing net      |       |       |       |       |     1 ||     1
Invok: Convert to Beogh  |       |     1 |       |       |       ||     1
       Smiting           |       |       |       |     8 |     7 ||    15
       Recall Orcish Fol |       |       |       |       |     4 ||     4
Evoke: Wand              |       |       |     1 |    19 |     3 ||    23
       Tin of tremorston |       |       |       |     2 |       ||     2
  Use: Scroll            |       |     5 |    12 |     9 |       ||    26
       Potion            |       |     1 |     8 |     7 |     8 ||    24
 Stab: Distracted        |       |       |       |     2 |     1 ||     3
       Held in net/web   |       |       |       |       |     1 ||     1
Armor: Scale mail        |    21 |       |       |       |       ||    21
       Chain mail        |    44 |   144 |   135 |       |       ||   323
       Plate armour      |       |       |    79 |   361 |    76 ||   516
       Skin              |       |       |    16 |       |       ||    16
Dodge: Dodged            |    42 |    63 |   188 |   217 |    26 ||   536
Block: Buckler           |    28 |    49 |   119 |   103 |       ||   299
       Tower shield      |       |       |       |   183 |   130 ||   313
